 Dungeon Crawl Stone Soup version 0.20.0-15-g7f486f2 (console) character file.

156 removed the Slasher (level 5, -1/46 HPs)
             Began as a Deep Elf Fighter on June 11, 2017.
             Slain by a killer bee (7 damage)
             ... on level 3 of the Dungeon.
             The game lasted 00:03:09 (3050 turns).

removed the Slasher (Deep Elf Fighter)              Turns: 3050, Time: 00:03:10

Health: -1/46      AC:  9    Str: 18    XL:     5   Next: 15%
Magic:  16/16      EV:  6    Int: 15    God:
Gold:   116        SH:  8    Dex: 13    Spells: 4/4 levels left

rFire    . . .     SeeInvis .   a - +0 long sword
rCold    . . .     Gourm    .   c - +0 shield
rNeg     . . .     Faith    .   b - +0 scale mail
rPois    .         Spirit   .   (no helmet)
rElec    .         Reflect  .   (no cloak)
rCorr    .         Harm     .   (no gloves)
MR       .....                  x - +0 pair of boots
Stlth    ..........             (no amulet)
Regen    0.2/turn               E - ring of magical power
MPRegen  0.2/turn               (no ring)

@: berserking (expiring), lethally poisoned (-1 -> -9), very quick
A: slimy green scales 1, clever 1, clumsy 1, wild magic 1
a: no special abilities


You were on level 3 of the Dungeon.
You were very hungry.

You visited 1 branch of the dungeon, and saw 3 of its levels.

You collected 116 gold pieces.

Inventory:

Hand Weapons
 a - a +0 long sword (weapon)
Armour
 b - a +0 scale mail (worn)
 c - a +0 shield (worn)
 x - a +0 pair of boots (worn)
Jewellery
 E - a ring of magical power (left hand)
Scrolls
 h - a scroll of amnesia {unknown}
 j - 3 scrolls of identify {unknown}
 o - 2 scrolls of fog {unknown}
 q - a scroll of enchant weapon {unknown}
 w - a scroll of fear {unknown}
 y - 3 scrolls of remove curse {unknown}
 F - a scroll of enchant armour {unknown}
Potions
 d - a potion of might
 r - a potion of magic {unknown}
 t - a potion of haste {unknown}
 v - a potion of agility
 B - a potion of degeneration {unknown}
 C - a potion of curing
 D - a potion of heal wounds {unknown}
Comestibles
 f - a bread ration
 i - a meat ration
 n - 8 fruits


   Skills:
 - Level 2.4 Fighting
 + Level 4.9 Long Blades
 - Level 2.4 Armour
 - Level 2.4 Shields


You had 4 spell levels left.
You didn't know any spells.

Dungeon Overview and Level Annotations

Branches:
Dungeon (3/15)

Altars:

Annotations:
D:3 removed's ghost, amateur DEFi


Innate Abilities, Weirdness & Mutations

You are partially covered in slimy green scales. (AC +2)
Your mind is acute. (Int +2)
You are clumsy. (Dex -2)
Your spells are a little harder to cast, but a little more powerful.


Message History

You miss the killer bee. The killer bee stings you.
The killer bee barely misses you.
You closely miss the killer bee. The killer bee stings you!
You block the killer bee's attack.
Unknown command.
You closely miss the killer bee. The killer bee stings you!
* * * LOW HITPOINT WARNING * * *
You are more poisoned.
The killer bee poisons you! You block the killer bee's attack.
You closely miss the killer bee.
You feel sick. The killer bee barely misses you.
Unknown command.
You closely miss the killer bee.
You feel sick. The killer bee stings you.
* * * LOW HITPOINT WARNING * * *
The killer bee stings you but does no damage.
Unknown command.
Your shield and scale mail prevent you from hitting the killer bee.
* * * LOW HITPOINT WARNING * * *
You feel sick. The killer bee stings you!
You die...

#.####.#.#
#.#............ ##.##
#.#.# #.#........## #...#
#.#.# #.#.#.####.####
#...###.#.#
####.#.#.##.......
.....##.#.####
#....#.#.#.###....
.............###.####.#..
##...##
.....###.......yy.......#
#.....# #...##
#......##y####.#.#
#.....# ##.## #.....###@#
#.#.# #.....#
#.#####...W.# #.# ##...##
#.##......### #<# ##.##
#.##.####.# #.# .##
#.##.# #.#####.# #
#.##.####.......#
#.##.##.....(...#
#>##......####.##
#.......#)# #


You could see 3 killer bees.

Vanquished Creatures
  A killer bee (D:3)
  3 adders (D:2)
  2 oozes (D:1)
  A worm (D:2)
  2 dart slugs (D:1)
  2 leopard geckos
  2 orcs (D:3)
  5 bats
  3 giant cockroaches
  7 goblins
  6 hobgoblins
  5 jackals (D:1)
  4 quokkas
  A ball python (D:2)
  4 frilled lizards
  7 kobolds
  8 rats
63 creatures vanquished.

Notes
Turn   | Place    | Note
-------+----------+-------------------------------------------
     0 | D:1      | removed the Deep Elf Fighter began the quest for the Orb.
     0 | D:1      | Reached XP level 1. HP: 13/13 MP: 3/3
    10 | D:1      | Reached skill level 2 in Long Blades
    95 | D:1      | Reached XP level 2. HP: 9/18 MP: 4/4
   381 | D:1      | Reached skill level 3 in Long Blades
   515 | D:1      | Reached XP level 3. HP: 20/22 MP: 5/5
  1715 | D:2      | Reached XP level 4. HP: 22/27 MP: 6/6
  1764 | D:2      | Reached skill level 4 in Long Blades
  2623 | D:3      | Reached XP level 5. HP: 5/31 MP: 7/7
  3035 | D:3      | Noticed removed's ghost (amateur DEFi)
  3043 | D:3      | Gained mutation: You are clumsy. (Dex -2) [potion of mutation]
  3043 | D:3      | Gained mutation: You are partially covered in slimy green scales. (AC +2) [potion of mutation]
  3043 | D:3      | Gained mutation: Your spells are a little harder to cast, but a little more powerful. [potion of mutation]
  3043 | D:3      | Gained mutation: Your mind is acute. (Int +2) [potion of mutation]
  3050 | D:3      | Slain by a killer bee

Skill      XL: |  1  2  3  4 |
---------------+-------------+-----
Long Blades    | 2 3 4 |  4.9
Fighting       | |  2.4
Armour         | |  2.4
Shields        | |  2.4

Action                   |  1- 3 |  4- 6 || total
-------------------------+-------+-------++-------
Melee: Long sword        |   150 |   107 ||   257
  Use: Potion            |       |     6 ||     6
  Eat: Chunk             |     3 |     3 ||     6
Armor: Scale mail        |    73 |    58 ||   131
Dodge: Dodged            |    30 |    37 ||    67
Block: Shield            |    64 |    49 ||   113
       Rpst.: Long sword |     8 |    12 ||    20
